TOP OF THE 1ST |
Chicago Gold Sox batting - Pitching for Capital District Red Knights : RHP Raúl Luna
|
Pitching: RHP Raúl Luna
|
|
Batting: LHB Noel Ballard
|
0-0: Foul Ball, location: 2F 0-1: Called Strike 0-2: Foul Ball, location: 2F 0-2: Foul Ball, location: 2F 0-2: Ball 1-2: Ball 2-2: Strikes out looking
|
Batting: RHB Ben Kennerly
|
0-0: Called Strike 0-1: Ball 1-1: Ball 2-1: Foul Ball, location: 2F 2-2: SINGLE (Flyball, 8RS)
|
Batting: LHB Eddie Flynn
|
0-0: Swinging Strike 0-1: Called Strike 0-2: Ball Ben Kennerly steals 2nd base 1-2: SINGLE (Line Drive, 34D) Ben Kennerly to third Runner from 3rd tries for Home, SAFE, no throw
|
Batting: LHB Melvin Castro
|
0-0: Fly out, F8 (Flyball, 8RD)
|
Batting: SHB Lupo Cotto
|
0-0: Swinging Strike 0-1: Foul Ball, location: 2F 0-2: Ball 1-2: SINGLE (Groundball, 25) (infield hit) Eddie Flynn to second
|
Batting: LHB Naohiro Sakai
|
0-0: Ball 1-0: Ball 2-0: Ground out 1-3 (Groundball, 13S)
|
Top of the 1st over - 1 run(s), 3 hit(s), 0 error(s), 2 left on base; Chicago 1 - Capital District 0 |
BOTTOM OF THE 1ST |
Capital District Red Knights batting - Pitching for Chicago Gold Sox : RHP Javier Dávila
|
Pitching: RHP Javier Dávila
|
|
Batting: LHB Arturo Hernández
|
0-0: Swinging Strike 0-1: Ball 1-1: Ball 2-1: Foul Ball, location: 2F 2-2: Ball 3-2: Base on Balls
|
Batting: RHB Danilo Mosca
|
0-0: Ball 1-0: Called Strike 1-1: Foul Ball, location: 2F 1-2: SINGLE (Groundball, 6MD) Arturo Hernández to second Runner from 2nd tries for 3rd, SAFE, throw made to third
|
Batting: RHB Sergio Ortíz
|
0-0: Ball Danilo Mosca is caught stealing 2nd base 1-0: Ball 2-0: Ball 3-0: Called Strike 3-1: Fly out, F9 (Flyball, 9S)
|
Batting: RHB Arnold Giroux
|
0-0: Called Strike 0-1: Ball 1-1: Foul Ball, location: 2F 1-2: Ball 2-2: Foul Ball, location: 2F 2-2: Foul Ball, location: 2F 2-2: Ball 3-2: Foul Ball, location: 2F 3-2: Strikes out looking
|
Bottom of the 1st over - 0 run(s), 1 hit(s), 0 error(s), 1 left on base; Chicago 1 - Capital District 0 |
TOP OF THE 2ND |
Chicago Gold Sox batting - Pitching for Capital District Red Knights : RHP Raúl Luna
|
Batting: LHB Arthur Ryan
|
0-0: Called Strike 0-1: Ball 1-1: Ball 2-1: Ball 3-1: Swinging Strike 3-2: Fly out, F8 (Flyball, 8RM)
|
Batting: LHB Stanley Belote
|
0-0: Ground out 4-3 (Groundball, 4)
|
Batting: LHB William Wise
|
0-0: Called Strike 0-1: Hit by Pitch
|
Batting: LHB Noel Ballard
|
0-0: Ball 1-0: Foul Ball, location: 2F 1-1: Foul Ball, location: 2F 1-2: Foul Ball, location: 2F 1-2: SINGLE (Groundball, 34S) (infield hit) William Wise to second
|
Batting: RHB Ben Kennerly
|
0-0: Ball 1-0: Called Strike 1-1: Ground out 5-3 (Groundball, 5S)
|
Top of the 2nd over - 0 run(s), 1 hit(s), 0 error(s), 2 left on base; Chicago 1 - Capital District 0 |
BOTTOM OF THE 2ND |
Capital District Red Knights batting - Pitching for Chicago Gold Sox : RHP Javier Dávila
|
Batting: LHB Francisco Sánchez
|
0-0: Ball 1-0: Foul Ball, location: 2F 1-1: Swinging Strike 1-2: Ground out 4-3 (Groundball, 4)
|
Batting: RHB Pedro Álvarez
|
0-0: SINGLE (Groundball, 5D)
|
Batting: RHB Chris Costa
|
0-0: Ball 1-0: Called Strike 1-1: Ball 2-1: Ball 3-1: Foul Ball, location: 2F 3-2: DOUBLE (Line Drive, 8LXD) Pedro Álvarez to third
|
Batting: RHB Alfonso Enríquez
|
0-0: Ball 1-0: Ball 2-0: Called Strike 2-1: Fly out, F8 (Line Drive, 78S) Runner from 3rd tags up, SCORES, no throw
|
Batting: RHB Leo Cadden
|
0-0: Ball 1-0: Fly out, F6 (Popup, 56D)
|
Bottom of the 2nd over - 1 run(s), 2 hit(s), 0 error(s), 1 left on base; Chicago 1 - Capital District 1 |
TOP OF THE 3RD |
Chicago Gold Sox batting - Pitching for Capital District Red Knights : RHP Raúl Luna
|
Batting: LHB Eddie Flynn
|
0-0: Ball 1-0: Called Strike 1-1: Foul Ball, location: 2F 1-2: Ball 2-2: Ball 3-2: Foul Ball, location: 2F 3-2: Ground out U3 (Groundball, 34)
|
Batting: LHB Melvin Castro
|
0-0: Called Strike 0-1: Ground out 4-3 (Groundball, 4)
|
Batting: SHB Lupo Cotto
|
0-0: Ball 1-0: Ground out U3 (Groundball, 34)
|
Top of the 3rd over - 0 run(s), 0 hit(s), 0 error(s), 0 left on base; Chicago 1 - Capital District 1 |
BOTTOM OF THE 3RD |
Capital District Red Knights batting - Pitching for Chicago Gold Sox : RHP Javier Dávila
|
Batting: LHB Arturo Hernández
|
0-0: Ground out U3 (Groundball, 3)
|
Batting: RHB Danilo Mosca
|
0-0: Ball 1-0: Ball 2-0: Foul Ball, location: 2F 2-1: Called Strike 2-2: Ball 3-2: Foul Ball, location: 2F 3-2: Ground out 6-3 (Groundball, 6D)
|
Batting: RHB Sergio Ortíz
|
0-0: Ball 1-0: Foul Ball, location: 2F 1-1: Ball 2-1: Foul Ball, location: 2F 2-2: Fly out, F9 (Flyball, 9S)
|
Bottom of the 3rd over - 0 run(s), 0 hit(s), 0 error(s), 0 left on base; Chicago 1 - Capital District 1 |
TOP OF THE 4TH |
Chicago Gold Sox batting - Pitching for Capital District Red Knights : RHP Raúl Luna
|
Batting: LHB Naohiro Sakai
|
0-0: Swinging Strike 0-1: Swinging Strike 0-2: Ball 1-2: Foul Ball, location: 2F 1-2: Strikes out looking
|
Batting: LHB Arthur Ryan
|
0-0: Ball 1-0: Foul Ball, location: 2F 1-1: Ball 2-1: Reached via error on a dropped throw, E1
|
Batting: LHB Stanley Belote
|
0-0: Ball 1-0: Fielders Choice at 2nd, 4-6 (Groundball, 4)
|
Batting: LHB William Wise
|
0-0: Called Strike 0-1: Ball 1-1: Ball 2-1: Foul Ball, location: 2F 2-2: Ground out 2-3 (Groundball, 2L)
|
Top of the 4th over - 0 run(s), 0 hit(s), 1 error(s), 1 left on base; Chicago 1 - Capital District 1 |
BOTTOM OF THE 4TH |
Capital District Red Knights batting - Pitching for Chicago Gold Sox : RHP Javier Dávila
|
Batting: RHB Arnold Giroux
|
0-0: Ball 1-0: Ground out 4-3 (Groundball, 4)
|
Batting: LHB Francisco Sánchez
|
0-0: Ball 1-0: Called Strike 1-1: Ball 2-1: Ball 3-1: Called Strike 3-2: Foul Ball, location: 2F 3-2: Strikes out swinging
|
Batting: RHB Pedro Álvarez
|
0-0: Ball 1-0: Ground out 6-3 (Groundball, 6)
|
Bottom of the 4th over - 0 run(s), 0 hit(s), 0 error(s), 0 left on base; Chicago 1 - Capital District 1 |
TOP OF THE 5TH |
Chicago Gold Sox batting - Pitching for Capital District Red Knights : RHP Raúl Luna
|
Batting: LHB Noel Ballard
|
0-0: Called Strike 0-1: Foul Ball, location: 2F 0-2: Ball 1-2: Foul Ball, location: 2F 1-2: Ball 2-2: Foul Ball, location: 2F 2-2: Foul Ball, location: 2F 2-2: Ball 3-2: Fly out, F9 (Flyball, 9)
|
Batting: RHB Ben Kennerly
|
0-0: Ball 1-0: Swinging Strike 1-1: Called Strike 1-2: Strikes out swinging
|
Batting: LHB Eddie Flynn
|
0-0: Called Strike 0-1: Swinging Strike 0-2: Foul Ball, location: 2F 0-2: Ball 1-2: Foul Ball, location: 2F 1-2: Ball 2-2: Foul Ball, location: 2F 2-2: Ball 3-2: Fly out, F9 (Flyball, 9LS)
|
Top of the 5th over - 0 run(s), 0 hit(s), 0 error(s), 0 left on base; Chicago 1 - Capital District 1 |
BOTTOM OF THE 5TH |
Capital District Red Knights batting - Pitching for Chicago Gold Sox : RHP Javier Dávila
|
Batting: RHB Chris Costa
|
0-0: Ground out 5-3 (Groundball, 5S)
|
Batting: RHB Alfonso Enríquez
|
0-0: Called Strike 0-1: Ball 1-1: Ball 2-1: Ground out 1-3 (Groundball, 13S)
|
Batting: RHB Leo Cadden
|
0-0: Swinging Strike 0-1: Ball 1-1: Called Strike 1-2: Ball 2-2: SINGLE (Groundball, 56D)
|
Batting: LHB Arturo Hernández
|
0-0: SINGLE (Groundball, 3D) Leo Cadden to second Runner from 2nd tries for 3rd, SAFE, throw made to third
|
Batting: RHB Danilo Mosca
|
0-0: Ball 1-0: Ball 2-0: Called Strike 2-1: Ground out 6-3 (Groundball, 6S)
|
Bottom of the 5th over - 0 run(s), 2 hit(s), 0 error(s), 2 left on base; Chicago 1 - Capital District 1 |
TOP OF THE 6TH |
Chicago Gold Sox batting - Pitching for Capital District Red Knights : RHP Raúl Luna
|
Batting: LHB Melvin Castro
|
0-0: Called Strike 0-1: Fly out, F8 (Flyball, 8RS)
|
Batting: SHB Lupo Cotto
|
0-0: Foul Ball, location: 2F 0-1: Called Strike 0-2: Ball 1-2: Ball 2-2: Fly out, F9 (Flyball, 9S)
|
Batting: LHB Naohiro Sakai
|
0-0: Ball 1-0: Fly out, F9 (Flyball, 89XD)
|
Top of the 6th over - 0 run(s), 0 hit(s), 0 error(s), 0 left on base; Chicago 1 - Capital District 1 |
BOTTOM OF THE 6TH |
Capital District Red Knights batting - Pitching for Chicago Gold Sox : RHP Javier Dávila
|
Batting: RHB Sergio Ortíz
|
0-0: Called Strike 0-1: Foul Ball, location: 2F 0-2: SINGLE (Groundball, 6MD)
|
Batting: RHB Arnold Giroux
|
0-0: Ball 1-0: Foul Ball, location: 2F 1-1: Ball 2-1: SINGLE (Line Drive, 56D) Sergio Ortíz to second
|
Batting: LHB Francisco Sánchez
|
0-0: Ball 1-0: Called Strike 1-1: Ball 2-1: Foul Ball, location: 2F 2-2: Ball 3-2: Ground out 5-3 (Groundball, 2L) Sergio Ortíz to third Arnold Giroux to second
|
Batting: RHB Pedro Álvarez
|
0-0: Swinging Strike 0-1: Foul Ball, location: 2F 0-2: Foul Ball, location: 2F 0-2: Strikes out swinging
|
Batting: RHB Chris Costa
|
0-0: Foul Ball, location: 2F 0-1: Ball 1-1: Ball 2-1: Ground out 5-3 (Groundball, 56S)
|
Bottom of the 6th over - 0 run(s), 2 hit(s), 0 error(s), 2 left on base; Chicago 1 - Capital District 1 |
TOP OF THE 7TH |
Chicago Gold Sox batting - Pitching for Capital District Red Knights : RHP Raúl Luna
|
Batting: LHB Arthur Ryan
|
0-0: Ball 1-0: Called Strike 1-1: Ball 2-1: Called Strike 2-2: Strikes out swinging
|
Batting: LHB Stanley Belote
|
0-0: Called Strike 0-1: Swinging Strike 0-2: Ball 1-2: Ball 2-2: Ball 3-2: Foul Ball, location: 2F 3-2: Base on Balls
|
Pitching: LHP Terry King
|
|
Pinch Hitting: RHB Matt Love
|
0-0: Fielders Choice at 2nd, 1-4 (Groundball, 15S)
|
Batting: LHB Noel Ballard
|
0-0: Ball 1-0: Swinging Strike 1-1: Foul Ball, location: 2F 1-2: Foul Ball, location: 2F 1-2: Ball 2-2: Foul Ball, location: 2F 2-2: SINGLE (Groundball, 4MD) Matt Love to second Matt Love to third
|
Batting: RHB Ben Kennerly
|
0-0: Ball 1-0: Called Strike 1-1: Foul Ball, location: 2F 1-2: Ball 2-2: SINGLE (Line Drive, 3) Matt Love scores Noel Ballard to second
|
Batting: LHB Eddie Flynn
|
0-0: Hit by Pitch Noel Ballard to third Ben Kennerly to second
|
Batting: LHB Melvin Castro
|
0-0: Ball 1-0: Ball 2-0: Ball 3-0: Called Strike 3-1: Foul Ball, location: 2F 3-2: Fly out, F9 (Flyball, 9)
|
Top of the 7th over - 1 run(s), 2 hit(s), 0 error(s), 3 left on base; Chicago 2 - Capital District 1 |
BOTTOM OF THE 7TH |
Capital District Red Knights batting - Pitching for Chicago Gold Sox : RHP Javier Dávila
|
Now in RF: Matt Love
|
|
Batting: RHB Alfonso Enríquez
|
0-0: Fly out, F5 (Line Drive, 5)
|
Batting: RHB Leo Cadden
|
0-0: DOUBLE (Line Drive, 7LM)
|
Batting: LHB Arturo Hernández
|
0-0: Foul Ball, location: 2F 0-1: Ball 1-1: Foul Ball, location: 2F 1-2: Ball 2-2: Foul Ball, location: 2F 2-2: Foul Ball, location: 2F 2-2: Foul Ball, location: 2F 2-2: Ground out 4-3 (Groundball, 34D) Leo Cadden to third
|
Pitching: RHP Shuntavyious Primes-Willes
|
|
Batting: RHB Danilo Mosca
|
0-0: Foul Ball, location: 2F 0-1: Called Strike 0-2: Ball 1-2: Foul Ball, location: 2F 1-2: Foul Ball, location: 2F 1-2: Fly out, F7 (Flyball, 78M)
|
Bottom of the 7th over - 0 run(s), 1 hit(s), 0 error(s), 1 left on base; Chicago 2 - Capital District 1 |
TOP OF THE 8TH |
Chicago Gold Sox batting - Pitching for Capital District Red Knights : LHP Terry King
|
Batting: SHB Lupo Cotto
|
0-0: Fly out, F7 (Flyball, 7LM)
|
Batting: LHB Naohiro Sakai
|
0-0: Swinging Strike 0-1: Ball 1-1: Called Strike 1-2: Foul Ball, location: 2F 1-2: Foul Ball, location: 2F 1-2: Strikes out swinging
|
Batting: LHB Arthur Ryan
|
0-0: Called Strike 0-1: Called Strike 0-2: Ball 1-2: Foul Ball, location: 2F 1-2: Ball 2-2: Strikes out swinging
|
Top of the 8th over - 0 run(s), 0 hit(s), 0 error(s), 0 left on base; Chicago 2 - Capital District 1 |
BOTTOM OF THE 8TH |
Capital District Red Knights batting - Pitching for Chicago Gold Sox : RHP Shuntavyious Primes-Willes
|
Batting: RHB Sergio Ortíz
|
0-0: Ball 1-0: Fly out, F3 (Popup, 3L)
|
Batting: RHB Arnold Giroux
|
0-0: Ball 1-0: Called Strike 1-1: Swinging Strike 1-2: Strikes out swinging
|
Pitching: LHP Dan Crowder
|
|
Batting: LHB Francisco Sánchez
|
0-0: Foul Ball, location: 2F 0-1: Swinging Strike 0-2: Ball 1-2: Foul Ball, location: 2F 1-2: Foul Ball, location: 2F 1-2: Strikes out swinging
|
Bottom of the 8th over - 0 run(s), 0 hit(s), 0 error(s), 0 left on base; Chicago 2 - Capital District 1 |
TOP OF THE 9TH |
Chicago Gold Sox batting - Pitching for Capital District Red Knights : LHP Terry King
|
Pitching: LHP Miguel Toro
|
|
Batting: LHB Stanley Belote
|
0-0: Ball 1-0: Foul Ball, location: 2F 1-1: Ball 2-1: Ball 3-1: Ground out 1-3 (Groundball, P)
|
Batting: RHB Matt Love
|
0-0: Ball 1-0: Ball 2-0: Called Strike 2-1: Foul Ball, location: 2F 2-2: Ball 3-2: Foul Ball, location: 2F 3-2: SINGLE (Groundball, 6D)
|
Batting: LHB Noel Ballard
|
0-0: Foul Ball, location: 2F 0-1: Ball 1-1: Called Strike 1-2: Ball 2-2: Foul Ball, location: 2F 2-2: Fly out, F5 (Line Drive, 56S)
|
Batting: RHB Ben Kennerly
|
0-0: Called Strike 0-1: Ball 1-1: Ball 2-1: Ball 3-1: Fielders Choice at 2nd, 4-6 (Groundball, 4)
|
Top of the 9th over - 0 run(s), 1 hit(s), 0 error(s), 0 left on base; Chicago 2 - Capital District 1 |
BOTTOM OF THE 9TH |
Capital District Red Knights batting - Pitching for Chicago Gold Sox : LHP Dan Crowder
|
Pitching: RHP Decheng Sun
|
|
Batting: RHB Pedro Álvarez
|
0-0: Called Strike 0-1: Ground out 5-3 (Groundball, 56S)
|
Batting: RHB Chris Costa
|
0-0: Reached on error, E5 (Groundball, 56)
|
Batting: RHB Alfonso Enríquez
|
0-0: Ball 1-0: SINGLE (Flyball, 34D) Chris Costa to second Runner from 2nd tries for 3rd, SAFE, throw made to third
|
Batting: RHB Leo Cadden
|
0-0: Foul Ball, location: 2F 0-1: Called Strike 0-2: Ball 1-2: Ball 2-2: Ground out 6-3 (Groundball, 6S) Chris Costa scores Alfonso Enríquez to second
|
Batting: LHB Arturo Hernández
|
0-0: Ball 1-0: Ball 2-0: Foul Ball, location: 2F 2-1: Ground out 4-3 (Groundball, 4)
|
Bottom of the 9th over - 1 run(s), 1 hit(s), 1 error(s), 1 left on base; Chicago 2 - Capital District 2 |
TOP OF THE 10TH |
Chicago Gold Sox batting - Pitching for Capital District Red Knights : LHP Miguel Toro
|
Pinch Hitting: RHB António Guzmán
|
0-0: Ball 1-0: Swinging Strike 1-1: Ball 2-1: Ball 3-1: Called Strike 3-2: Strikes out swinging
|
Batting: LHB Melvin Castro
|
0-0: Ball 1-0: Foul Ball, location: 2F 1-1: Called Strike 1-2: Strikes out swinging
|
Batting: SHB Lupo Cotto
|
0-0: Called Strike 0-1: Ball 1-1: Ball 2-1: Foul Ball, location: 2F 2-2: Strikes out swinging
|
Top of the 10th over - 0 run(s), 0 hit(s), 0 error(s), 0 left on base; Chicago 2 - Capital District 2 |
BOTTOM OF THE 10TH |
Capital District Red Knights batting - Pitching for Chicago Gold Sox : RHP Decheng Sun
|
Now at C: António Guzmán
|
|
Batting: RHB Danilo Mosca
|
0-0: Ball 1-0: Foul Ball, location: 2F 1-1: Foul Ball, location: 2F 1-2: Fly out, F9 (Flyball, 9LSF)
|
Batting: RHB Sergio Ortíz
|
0-0: Ball 1-0: Foul Ball, location: 2F 1-1: Foul Ball, location: 2F 1-2: Ball 2-2: Fly out, F8 (Flyball, 8RM)
|
Batting: RHB Arnold Giroux
|
0-0: Ball 1-0: Ball 2-0: Called Strike 2-1: Called Strike 2-2: Fly out, F9 (Flyball, 9)
|
Bottom of the 10th over - 0 run(s), 0 hit(s), 0 error(s), 0 left on base; Chicago 2 - Capital District 2 |
TOP OF THE 11TH |
Chicago Gold Sox batting - Pitching for Capital District Red Knights : LHP Miguel Toro
|
Pitching: RHP Oswaldo Mobray
|
|
Batting: LHB Naohiro Sakai
|
0-0: Foul Ball, location: 2F 0-1: Called Strike 0-2: Ball 1-2: Ball 2-2: Foul Ball, location: 2F 2-2: Strikes out looking
|
Batting: LHB Arthur Ryan
|
0-0: Ball 1-0: Ground out 4-3 (Groundball, 4)
|
Batting: LHB Stanley Belote
|
0-0: Ball 1-0: Ball 2-0: Called Strike 2-1: Foul Ball, location: 2F 2-2: Ball 3-2: Ground out 4-3 (Groundball, 4)
|
Top of the 11th over - 0 run(s), 0 hit(s), 0 error(s), 0 left on base; Chicago 2 - Capital District 2 |
BOTTOM OF THE 11TH |
Capital District Red Knights batting - Pitching for Chicago Gold Sox : RHP Decheng Sun
|
Batting: LHB Francisco Sánchez
|
0-0: Called Strike 0-1: Ball 1-1: Swinging Strike 1-2: Ball 2-2: Ball 3-2: Base on Balls
|
Batting: RHB Pedro Álvarez
|
0-0: Ball 1-0: Foul Ball, location: 2F 1-1: Called Strike 1-2: Fly out, F5 (Line Drive, 5)
|
Batting: RHB Chris Costa
|
0-0: Ball 1-0: Ball 2-0: Ball 3-0: Called Strike 3-1: Fly out, F4 (Line Drive, 4)
|
Batting: RHB Alfonso Enríquez
|
0-0: Called Strike 0-1: Ball 1-1: Ground out 1-3 (Groundball, 13)
|
Bottom of the 11th over - 0 run(s), 0 hit(s), 0 error(s), 1 left on base; Chicago 2 - Capital District 2 |
TOP OF THE 12TH |
Chicago Gold Sox batting - Pitching for Capital District Red Knights : RHP Oswaldo Mobray
|
Batting: RHB Matt Love
|
0-0: Called Strike 0-1: Swinging Strike 0-2: Strikes out swinging
|
Batting: LHB Noel Ballard
|
0-0: Ball 1-0: Ball 2-0: Called Strike 2-1: Foul Ball, location: 2F 2-2: Ground out 3-1 (Groundball, 34)
|
Batting: RHB Ben Kennerly
|
0-0: Ball 1-0: Foul Ball, location: 2F 1-1: Called Strike 1-2: Fly out, F9 (Flyball, 9D)
|
Top of the 12th over - 0 run(s), 0 hit(s), 0 error(s), 0 left on base; Chicago 2 - Capital District 2 |
BOTTOM OF THE 12TH |
Capital District Red Knights batting - Pitching for Chicago Gold Sox : RHP Decheng Sun
|
Batting: RHB Leo Cadden
|
0-0: Ball 1-0: Ball 2-0: Called Strike 2-1: Ground out U3 (Groundball, 23)
|
Batting: LHB Arturo Hernández
|
0-0: Foul Ball, location: 2F 0-1: Ground out 4-3 (Groundball, 34)
|
Batting: RHB Danilo Mosca
|
0-0: Called Strike 0-1: Called Strike 0-2: Ball 1-2: Ball 2-2: Foul Ball, location: 2F 2-2: SINGLE (Groundball, 6MD)
|
Batting: RHB Sergio Ortíz
|
0-0: Ball 1-0: Ball 2-0: Foul Ball, location: 2F 2-1: Fly out, F9 (Flyball, 9LM)
|
Bottom of the 12th over - 0 run(s), 1 hit(s), 0 error(s), 1 left on base; Chicago 2 - Capital District 2 |
TOP OF THE 13TH |
Chicago Gold Sox batting - Pitching for Capital District Red Knights : RHP Oswaldo Mobray
|
Batting: RHB António Guzmán
|
0-0: Ball 1-0: Foul Ball, location: 2F 1-1: Ball 2-1: Ball 3-1: Foul Ball, location: 2F 3-2: Base on Balls
|
Batting: LHB Melvin Castro
|
0-0: Ball 1-0: Fielders Choice at 2nd, 4-6 (Groundball, 4MD)
|
Batting: SHB Lupo Cotto
|
0-0: Foul Ball, location: 2F 0-1: Called Strike 0-2: Fly out, F6 (Popup, 4M)
|
Batting: LHB Naohiro Sakai
|
0-0: Ball 1-0: Ground out U3 (Groundball, 34)
|
Top of the 13th over - 0 run(s), 0 hit(s), 0 error(s), 1 left on base; Chicago 2 - Capital District 2 |
BOTTOM OF THE 13TH |
Capital District Red Knights batting - Pitching for Chicago Gold Sox : RHP Decheng Sun
|
Pitching: RHP Gordon Fry
|
|
Batting: RHB Arnold Giroux
|
0-0: Called Strike 0-1: Swinging Strike 0-2: Ball 1-2: Strikes out looking
|
Batting: LHB Francisco Sánchez
|
0-0: Ball 1-0: Ball 2-0: Ball 3-0: Base on Balls
|
Batting: RHB Pedro Álvarez
|
0-0: Called Strike 0-1: Grounds into double play, 5-4-3 (Groundball, 5)
|
Bottom of the 13th over - 0 run(s), 0 hit(s), 0 error(s), 0 left on base; Chicago 2 - Capital District 2 |
TOP OF THE 14TH |
Chicago Gold Sox batting - Pitching for Capital District Red Knights : RHP Oswaldo Mobray
|
Batting: LHB Arthur Ryan
|
0-0: Called Strike 0-1: Foul Ball, location: 2F 0-2: Ball 1-2: Ball 2-2: Strikes out swinging
|
Batting: LHB Stanley Belote
|
0-0: Ball 1-0: Called Strike 1-1: Ground out 4-3 (Groundball, 34D)
|
Batting: RHB Matt Love
|
0-0: Ball 1-0: Ball 2-0: Swinging Strike 2-1: Foul Ball, location: 2F 2-2: Ball 3-2: Ground out 6-3 (Groundball, 6)
|
Top of the 14th over - 0 run(s), 0 hit(s), 0 error(s), 0 left on base; Chicago 2 - Capital District 2 |
BOTTOM OF THE 14TH |
Capital District Red Knights batting - Pitching for Chicago Gold Sox : RHP Gordon Fry
|
Batting: RHB Chris Costa
|
0-0: Called Strike 0-1: Ball 1-1: Foul Ball, location: 2F 1-2: Strikes out swinging
|
Batting: RHB Alfonso Enríquez
|
0-0: Called Strike 0-1: Ball 1-1: Ball 2-1: Foul Ball, location: 2F 2-2: Ball 3-2: Foul Ball, location: 2F 3-2: Base on Balls
|
Batting: RHB Leo Cadden
|
0-0: Ball 1-0: Foul Ball, location: 2F 1-1: Ball 2-1: Foul Ball, location: 2F 2-2: Ball 3-2: Fly out, F7 (Line Drive, 78M)
|
Batting: LHB Arturo Hernández
|
0-0: Fly out, F3 (Line Drive, 3L)
|
Bottom of the 14th over - 0 run(s), 0 hit(s), 0 error(s), 1 left on base; Chicago 2 - Capital District 2 |
TOP OF THE 15TH |
Chicago Gold Sox batting - Pitching for Capital District Red Knights : RHP Oswaldo Mobray
|
Batting: LHB Noel Ballard
|
0-0: Foul Ball, location: 2F 0-1: Swinging Strike 0-2: Ball 1-2: Fly out, F7 (Line Drive, 78S)
|
Batting: RHB Ben Kennerly
|
0-0: Ball 1-0: Ground out 6-3 (Groundball, 6)
|
Batting: RHB António Guzmán
|
0-0: Swinging Strike 0-1: Foul Ball, location: 2F 0-2: DOUBLE (Line Drive, 89XD)
|
Batting: LHB Melvin Castro
|
0-0: Called Strike 0-1: Ball 1-1: Ball 2-1: Ball 3-1: Base on Balls
|
Pitching: RHP César Rivera
|
|
Batting: SHB Lupo Cotto
|
0-0: Called Strike 0-1: Ball 1-1: Ball 2-1: Ball 3-1: Base on Balls António Guzmán to third Melvin Castro to second
|
Batting: LHB Naohiro Sakai
|
0-0: Ball 1-0: Foul Ball, location: 2F 1-1: Ball 2-1: Ball 3-1: Called Strike 3-2: Base on Balls António Guzmán scores Melvin Castro to third Lupo Cotto to second
|
Batting: LHB Arthur Ryan
|
0-0: Ball 1-0: Fly out, F9 (Flyball, 89S)
|
Top of the 15th over - 1 run(s), 1 hit(s), 0 error(s), 3 left on base; Chicago 3 - Capital District 2 |
BOTTOM OF THE 15TH |
Capital District Red Knights batting - Pitching for Chicago Gold Sox : RHP Gordon Fry
|
Batting: RHB Danilo Mosca
|
0-0: Ball 1-0: Called Strike 1-1: DOUBLE (Line Drive, 7D)
|
Batting: RHB Sergio Ortíz
|
0-0: Called Strike 0-1: Ground out 4-3 (Groundball, 4) Danilo Mosca to third
|
Batting: RHB Arnold Giroux
|
0-0: Called Strike 0-1: Ball 1-1: Fly out, F8 (Flyball, 8LM) Runner from 3rd tags up, SCORES, no throw
|
Batting: LHB Francisco Sánchez
|
0-0: Ball 1-0: DOUBLE (Line Drive, 9LS)
|
Batting: RHB Pedro Álvarez
|
0-0: Called Strike 0-1: Fly out, F9 (Line Drive, 9S)
|
Bottom of the 15th over - 1 run(s), 2 hit(s), 0 error(s), 1 left on base; Chicago 3 - Capital District 3 |
TOP OF THE 16TH |
Chicago Gold Sox batting - Pitching for Capital District Red Knights : RHP César Rivera
|
Batting: LHB Stanley Belote
|
0-0: Called Strike 0-1: Ball 1-1: SINGLE (Groundball, 4D)
|
Batting: RHB Matt Love
|
0-0: Ball 1-0: Fly out, F9 (Flyball, 9)
|
Batting: LHB Noel Ballard
|
0-0: Called Strike 0-1: SINGLE (Groundball, 56D) Stanley Belote to second
|
Batting: RHB Ben Kennerly
|
0-0: Ball Stanley Belote steals 3rd base Noel Ballard to second 1-0: Ball Wild Pitch! Stanley Belote scores Noel Ballard to third 2-0: Called Strike 2-1: Fly out, F8 (Flyball, 8LM) Runner from 3rd tags up, SCORES, throw made
|
Batting: RHB António Guzmán
|
0-0: Called Strike 0-1: Ground out 5-3 (Groundball, 25)
|
Top of the 16th over - 2 run(s), 2 hit(s), 0 error(s), 0 left on base; Chicago 5 - Capital District 3 |
BOTTOM OF THE 16TH |
Capital District Red Knights batting - Pitching for Chicago Gold Sox : RHP Gordon Fry
|
Batting: RHB Chris Costa
|
0-0: Ball 1-0: Ball 2-0: Ball 3-0: Base on Balls
|
Batting: RHB Alfonso Enríquez
|
0-0: Foul Ball, location: 2F 0-1: Called Strike 0-2: Foul Ball, location: 2F 0-2: Ball 1-2: Foul Ball, location: 2F 1-2: Fly out, F9 (Flyball, 9LM)
|
Batting: RHB Leo Cadden
|
0-0: Ball 1-0: Ball 2-0: Ball 3-0: Called Strike 3-1: Called Strike 3-2: Strikes out looking
|
Batting: LHB Arturo Hernández
|
0-0: Called Strike 0-1: Ball 1-1: Ball 2-1: Ball 3-1: DOUBLE (Flyball, 89D) Chris Costa to third
|
Pitching: RHP Mario Gonzáles
|
|
Batting: RHB Danilo Mosca
|
0-0: Ball 1-0: Swinging Strike 1-1: Ball 2-1: Swinging Strike 2-2: Ball 3-2: Strikes out looking
|
Bottom of the 16th over - 0 run(s), 1 hit(s), 0 error(s), 2 left on base; Chicago 5 - Capital District 3 |
|